 Dungeon Sprint DCSS version 0.17-a0-1570-g74b7129 (webtiles) character file.

39752 tt080 the Brawler (level 13, -2/144 HPs)
             Began as a Troll Fighter on July 23, 2015.
             Was the Champion of Cheibriados.
             Killed from afar by a fire giant (14 damage)
             ... with a bolt of fire
             ... in the Dungeon (Sprint IX: "|||||||||||||||||||||||||||||").
             The game lasted 00:10:59 (1837 turns).

tt080 the Brawler (Troll Fighter)                   Turns: 1837, Time: 00:10:59

Health: -2/144     AC:  6    Str: 42    XL:     13   Next: 70%
Magic:  12/12      EV: 23    Int: 19    God:    Cheibriados [******]
Gold:   1071       SH: 17    Dex: 31    Spells: 0 memorised, 12 levels left

rFire  + + .     SeeInvis .       - Unarmed
rCold  + . .     Clarity  .     F - +1 fire dragon armour
rNeg   . . .     SustAt   .     b - +0 shield
rPois  +         Gourm    +     z - +1 hat {MR+}
rElec  +         Spirit   .     G - +1 cloak {MR+}
rCorr  +         Warding  .     (gloves unavailable)
rMut   .         NoTele   +     (boots unavailable)
MR     ++...                    (no amulet)
Stlth  +.........               q - +3 ring of dexterity
                                B - ring of ice

@: resistant, corroded equipment, very slightly contaminated, very slow, very
resistant to hostile enchantments, very unstealthy
A: unfitting armour, claws 3, fast metabolism 3, gourmand, regeneration 2,
shaggy fur 1, tough skin 2
a: Bend Time, Temporal Distortion, Slouch, Step From Time, Renounce Religion


You were in the Dungeon.
You worshipped Cheibriados.
Cheibriados was exalted by your worship.
You were not hungry.

You visited 1 branch You collected 1916 gold pieces.
You spent 845 gold pieces at shops.

Inventory:

Hand weapons
 A - a +1 vampiric lajatang
Armour
 a - a +0 robe
 b - a +0 shield (worn)
 p - a +0 cloak
 z - a +1 hat of magic resistance (worn)
 E - a +1 cloak
 F - a +1 fire dragon armour (worn)
 G - a +1 cloak of magic resistance (worn)
Magical staves
 o - an uncursed staff of energy
Jewellery
 q - a +3 ring of dexterity (right claw)
 r - a +2 ring of evasion
 B - a ring of ice (left claw)
 C - an uncursed ring of protection from magic
 D - an uncursed ring of protection from fire
Magical devices
 n - a wand of cold (2)
Scrolls
 j - a scroll of blinking
 k - 3 scrolls of enchant weapon
 l - 4 scrolls of remove curse
 m - 2 scrolls of amnesia
 s - 3 scrolls of recharging
 t - 5 scrolls of fear
Potions
 c - 2 potions of might
 e - 6 potions of curing
 g - a potion of haste
 h - 4 potions of magic
 i - a potion of invisibility
 I - a potion of brilliance
 J - 2 potions of cure mutation
Miscellaneous
 u - a fan of gales
 v - a phial of floods
 y - a disc of storms
Comestibles
 d - 14 bread rations
 w - 40 fruits
 x - 12 meat rations


   Skills:
 - Level 13.2 Fighting
 + Level 10.0 Staves
 - Level 9.2 Armour
 - Level 13.3 Dodging
 - Level 13.4 Shields
 - Level 20.5 Unarmed Combat


You had 12 spell levels left.
You didn't know any spells.

Dungeon Overview and Level Annotations

Branches:
Dungeon (1/1)

Altars:
Cheibriados
Dithmenos
Elyvilon
Fedhas
Gozag
Kikubaaqudgha
Makhleb
Nemelex Xobeh
Okawaru
Qazlal
Ru
Sif Muna
Trog
Vehumet
Xom
Yredelemnul
Zin
The Shining One
Beogh
Jiyva
Lugonu

Shops:
D }(*}


Innate Abilities, Weirdness & Mutations

You are too large for most types of armour.
You have claws for hands.
Your metabolism is lightning-fast.
You like to eat raw meat.
You heal very quickly.
You are covered in fur (AC +1).
You have very tough skin (AC +2).


Message History

You mangle the fire giant!!
The fire giant is heavily wounded.
The fire giant casts a spell at you.
The fireball explodes!
The fireball engulfs you! You resist.
* * * LOW HITPOINT WARNING * * *
The fireball engulfs the fire giant.
The fire giant resists.
Unknown command.
Drink which item? (? for menu, Esc to quit)
Okay, then.
Evoke which item? (* to show all) (? for menu, Esc to quit)
Okay, then.
Read which item? (? for menu, Esc to quit)
Blink to where?
Press: ? - help, Dir - move target cursor
As you read the scroll of blinking, it crumbles to dust.
The fire giant gestures at you while chanting.
The bolt of fire misses you. The fire giant casts a spell at you.
The bolt of fire hits you! You resist.
You die...

▓.........'.=...))))))))
▓▓▓▓▓▓▓▓▓▓▓▓▓▓▓▓▓▓▓▓▓▓▓▓
▓.......................
▓.▓▓▓▓▓▓▓▓▓▓▓▓▓▓▓▓▓▓▓▓▓▓
▓...............))††)...
▓▓▓▓▓▓▓▓▓▓▓▓▓▓▓▓▓▓▓▓▓▓▓▓
▓.......................
▓.▓▓▓▓▓▓▓▓▓▓▓▓▓▓▓▓▓▓▓▓▓▓
▓......@.....CTi.)†)TiCp
▓▓▓▓▓▓▓▓▓▓▓▓▓▓▓▓▓▓▓▓▓▓▓▓


You could see a fire giant (bleeding) and a deep troll shaman.

Vanquished Creatures
  Rupert (D)
  A lich (D)
  Gastronok (D)
  Agnes (D)
  A frost giant (D)
  A vampire knight (D)
  2 stone giants (D)
  A fire dragon (D)
  A hydra (D)
  A naga warrior (D)
  2 centaur warriors (D)
  4 ogre magi (D)
  A ghost crab (D)
  Erolcha (D)
  A merfolk aquamancer (D)
  2 deep troll shamans (D)
  A naga sharpshooter (D)
  An orc high priest (D)
  A spriggan berserker (D)
  A shock serpent (D)
  Urug (D)
  A sea snake (D)
  A wizard (D)
  2 orc knights (D)
  A naga ritualist (D)
  A hornet (D)
  2 wolf spiders (D)
  A cyclops (D)
  An ugly thing (D)
  2 naga magi (D)
  2 manticores (D)
  A water nymph (D)
  A moth of wrath (D)
  An elephant (D)
  A guardian serpent (D)
  3 spiny frogs (D)
  2 komodo dragons (D)
  A kobold demonologist (D)
  A freezing wraith (D)
  A troll (D)
  A giant leech (D)
  2 merfolk (D)
  2 yaktaurs (D)
  A snapping turtle (D)
  A blink frog (D)
  2 slime creatures (D)
  8 two-headed ogres (D)
  A trapdoor spider (D)
  A redback (D)
  A water elemental (D)
  A deep elf mage (D)
  2 yaks (D)
  A vampire (D)
  A hippogriff (D)
  3 tarantellas (D)
  4 wolves (D)
  A basilisk (shapeshifter) (D)
  2 vampire mosquitoes (D)
  2 nagas (D)
  A porcupine (D)
  A water moccasin (D)
  4 hell hounds (D)
  7 orc warriors (D)
  An ice beast (D)
  A boggart (D)
  A spider (D)
  A black bear (D)
  A centaur (D)
  4 ogres (D)
  A crocodile (D)
  2 giant frogs (D)
  A crimson imp (D)
  4 orc priests (D)
  2 iguanas (D)
  2 sheep (D)
  A worker ant (D)
  An orc wizard (D)
  A gnoll (D)
  2 river rats (D)
  A shadow imp (D)
  An adder skeleton (D)
  9 orcs (D)
  A bat (D)
  A kobold (D)
  2 goblins (D)
  A jackal skeleton (D)
  3 rats (D)
148 creatures vanquished.

Vanquished Creatures (others)
  A spiny frog (D)
  2 swamp drakes (D)
3 creatures vanquished.

Grand Total: 151 creatures vanquished

Notes
Turn   | Place    | Note
--------------------------------------------------------------
     0 | D        | tt080 the Troll Fighter began the quest for the Orb.
     0 | D        | Reached XP level 1. HP: 22/22 MP: 0/0
    28 | D        | Noticed a centaur
    28 | D        | Noticed an ogre
    33 | D        | Killed a centaur
    33 | D        | Reached skill level 3 in Fighting
    33 | D        | Reached skill level 4 in Dodging
    33 | D        | Reached skill level 5 in Unarmed Combat
    33 | D        | Reached XP level 2. HP: 32/32 MP: 1/1
    33 | D        | Reached XP level 3. HP: 38/39 MP: 2/2
    33 | D        | Reached XP level 4. HP: 47/48 MP: 3/3
    41 | D        | Killed an ogre
    41 | D        | Reached skill level 6 in Unarmed Combat
    41 | D        | Reached XP level 5. HP: 55/55 MP: 4/4
    42 | D        | Reached skill level 7 in Unarmed Combat
    46 | D        | Found a glowing silver altar of Zin.
    46 | D        | Found a glowing golden altar of the Shining One.
    46 | D        | Found an ancient bone altar of Kikubaaqudgha.
    46 | D        | Found a basalt altar of Yredelemnul.
    46 | D        | Found a shimmering altar of Xom.
    46 | D        | Found a radiant altar of Vehumet.
    47 | D        | Found an iron altar of Okawaru.
    48 | D        | Found a burning altar of Makhleb.
    49 | D        | Found a deep blue altar of Sif Muna.
    50 | D        | Found a bloodstained altar of Trog.
    51 | D        | Found a sparkling altar of Nemelex Xobeh.
    52 | D        | Found a white marble altar of Elyvilon.
    53 | D        | Found a roughly hewn altar of Beogh.
    54 | D        | Found a viscous altar of Jiyva.
    55 | D        | Found a corrupted altar of Lugonu.
    56 | D        | Found a blossoming altar of Fedhas.
    57 | D        | Found a snail-covered altar of Cheibriados.
    58 | D        | Found a shadowy altar of Dithmenos.
    59 | D        | Found a stormy altar of Qazlal.
    60 | D        | Found an opulent altar of Gozag.
    61 | D        | Found a sacrificial altar of Ru.
    65 | D        | Became a worshipper of Cheibriados the Contemplative
    95 | D        | Noticed a black bear
    95 | D        | Noticed a deep elf mage
    95 | D        | Noticed a yak
    95 | D        | Noticed an ice beast
    95 | D        | Noticed a two-headed ogre
    95 | D        | Noticed a worker ant
    97 | D        | Killed a black bear
    97 | D        | Reached skill level 5 in Fighting
    97 | D        | Reached skill level 5 in Dodging
    97 | D        | Reached skill level 5 in Shields
    97 | D        | Reached skill level 8 in Unarmed Combat
    97 | D        | Reached XP level 6. HP: 63/66 MP: 5/5
   100 | D        | Killed a deep elf mage
   100 | D        | Acquired Cheibriados's first power
   100 | D        | Reached skill level 9 in Unarmed Combat
   106 | D        | Killed a yak
   106 | D        | Reached XP level 7. HP: 62/75 MP: 6/6
   111 | D        | Killed an ice beast
   111 | D        | Reached skill level 10 in Unarmed Combat
   117 | D        | Killed a two-headed ogre
   119 | D        | Killed a worker ant
   126 | D        | Noticed a vampire mosquito
   126 | D        | Noticed a troll
   126 | D        | Noticed a cyclops
   126 | D        | Noticed a vampire
   126 | D        | Noticed a crimson imp
   126 | D        | Noticed a centaur warrior
   132 | D        | Killed a vampire mosquito
   132 | D        | Acquired Cheibriados's second power
   132 | D        | Reached skill level 11 in Unarmed Combat
   141 | D        | Killed a troll
   141 | D        | Reached XP level 8. HP: 31/87 MP: 7/7
   147 | D        | Killed a cyclops
   147 | D        | Acquired Cheibriados's third power
   147 | D        | Reached skill level 12 in Unarmed Combat
   149 | D        | Killed a vampire
   156 | D        | Killed a centaur warrior
   156 | D        | Reached skill level 13 in Unarmed Combat
   156 | D        | Reached XP level 9. HP: 14/97 MP: 8/8
   159 | D        | Killed a crimson imp
   352 | D        | Noticed a spiny frog
   352 | D        | Noticed a yak
   352 | D        | Noticed an iguana
   352 | D        | Noticed a giant frog
   352 | D        | Noticed a porcupine
   352 | D        | Noticed a crocodile
   356 | D        | Noticed an elephant
   358 | D        | Killed a spiny frog
   358 | D        | Acquired Cheibriados's fourth power
   362 | D        | Killed a yak
   364 | D        | Killed an iguana
   366 | D        | Noticed a komodo dragon
   368 | D        | Killed a giant frog
   370 | D        | Noticed a spiny frog
   370 | D        | Killed a porcupine
   371 | D        | Killed a crocodile
   375 | D        | Killed an elephant
   375 | D        | Reached skill level 14 in Unarmed Combat
   377 | D        | Killed a komodo dragon
   380 | D        | Killed a spiny frog
   380 | D        | Reached XP level 10. HP: 107/107 MP: 9/9
   406 | D        | Noticed an iguana
   406 | D        | Noticed a water moccasin
   406 | D        | Noticed a giant frog
   406 | D        | Noticed a komodo dragon
   408 | D        | Killed an iguana
   410 | D        | Killed a water moccasin
   411 | D        | Killed a giant frog
   414 | D        | Noticed a blink frog
   418 | D        | Killed a komodo dragon
   430 | D        | Killed a blink frog
   451 | D        | Noticed a wolf
   451 | D        | Noticed a wolf
   452 | D        | Noticed a hell hound
   453 | D        | Noticed a hell hound
   456 | D        | Noticed a hell hound
   456 | D        | Killed a hell hound
   457 | D        | Noticed a wolf
   458 | D        | Noticed a hell hound
   459 | D        | Killed a hell hound
   461 | D        | Killed a hell hound
   461 | D        | Reached skill level 15 in Unarmed Combat
   463 | D        | Killed a wolf
   465 | D        | Noticed a wolf
   467 | D        | Killed a hell hound
   469 | D        | Killed a wolf
   470 | D        | Killed a wolf
   471 | D        | Killed a wolf
   471 | D        | Reached skill level 10 in Dodging
   605 | D        | Noticed an orc priest
   605 | D        | Noticed an orc wizard
   608 | D        | Killed an orc priest
   608 | D        | Reached skill level 10 in Shields
   609 | D        | Noticed an orc warrior
   610 | D        | Killed an orc wizard
   611 | D        | Noticed a stone giant
   617 | D        | Noticed an orc priest
   622 | D        | Killed a stone giant
   622 | D        | Reached skill level 10 in Fighting
   625 | D        | Killed an orc warrior
   635 | D        | Killed an orc priest
   671 | D        | Noticed an orc warrior
   671 | D        | Noticed an orc high priest
   671 | D        | Noticed an orc priest
   671 | D        | Noticed an orc warrior
   671 | D        | Noticed an orc knight
   682 | D        | Killed an orc warrior
   683 | D        | Noticed an orc warrior
   689 | D        | Killed an orc high priest
   689 | D        | Reached skill level 16 in Unarmed Combat
   691 | D        | Noticed an orc priest
   695 | D        | Noticed an orc warrior
   695 | D        | Killed an orc warrior
   703 | D        | Killed an orc knight
   703 | D        | Reached XP level 11. HP: 68/119 MP: 10/10
   706 | D        | Killed an orc warrior
   708 | D        | Killed an orc priest
   712 | D        | Killed an orc warrior
   715 | D        | Killed an orc priest
   718 | D        | Noticed an orc knight
   719 | D        | Noticed an orc warrior
   720 | D        | Noticed an orc warrior
   727 | D        | Killed an orc knight
   732 | D        | Killed an orc warrior
   737 | D        | Killed an orc warrior
   795 | D        | Found Voitae's Gadget Emporium.
   795 | D        | Noticed an ogre mage
   795 | D        | Noticed a two-headed ogre
   795 | D        | Noticed a two-headed ogre
   795 | D        | Noticed a two-headed ogre
   795 | D        | Noticed an ogre mage
   796 | D        | Noticed an ogre
   798 | D        | Killed an ogre mage
   799 | D        | Noticed an ogre mage
   802 | D        | Killed a two-headed ogre
   803 | D        | Found Poadgh's Weapon Shoppe.
   803 | D        | Noticed an ogre
   806 | D        | Noticed an ogre
   807 | D        | Killed an ogre mage
   807 | D        | Reached skill level 17 in Unarmed Combat
   809 | D        | Killed a two-headed ogre
   813 | D        | Killed a two-headed ogre
   814 | D        | Found Pisu's General Store.
   816 | D        | Killed an ogre
   817 | D        | Killed an ogre
   817 | D        | Reached skill level 1 in Armour
   819 | D        | Killed an ogre
   820 | D        | Found Geer Yma's Gadget Shoppe.
   827 | D        | Noticed a two-headed ogre
   828 | D        | Killed an ogre mage
   829 | D        | Noticed a two-headed ogre
   830 | D        | Noticed a two-headed ogre
   832 | D        | Noticed a two-headed ogre
   833 | D        | Killed a two-headed ogre
   835 | D        | Killed a two-headed ogre
   836 | D        | Killed a two-headed ogre
   838 | D        | Killed a two-headed ogre
   858 | D        | Bought a potion of heal wounds for 50 gold pieces
   858 | D        | Bought a scroll of enchant weapon for 75 gold pieces
   864 | D        | Bought a phial of floods for 480 gold pieces
   864 | D        | Bought a disc of storms for 240 gold pieces
   939 | D        | Noticed Gastronok
   940 | D        | Noticed Erolcha
   951 | D        | Killed Gastronok
  1009 | D        | Killed Erolcha
  1009 | D        | Reached skill level 18 in Unarmed Combat
  1027 | D        | Noticed Urug
  1037 | D        | Killed Urug
  1142 | D        | Noticed a freezing wraith
  1142 | D        | Noticed a kobold demonologist
  1142 | D        | Noticed a vampire mosquito
  1145 | D        | Killed a freezing wraith
  1145 | D        | Reached XP level 12. HP: 131/131 MP: 11/11
  1147 | D        | Noticed a hippogriff
  1148 | D        | Noticed a centaur warrior
  1149 | D        | Noticed a yaktaur
  1151 | D        | Noticed a stone giant
  1153 | D        | Killed a kobold demonologist
  1155 | D        | Killed a vampire mosquito
  1162 | D        | Killed a stone giant
  1164 | D        | Killed a hippogriff
  1167 | D        | Killed a centaur warrior
  1168 | D        | Noticed a deep troll shaman
  1170 | D        | Killed a yaktaur
  1171 | D        | Noticed a cyan ugly thing
  1173 | D        | Killed a deep troll shaman
  1173 | D        | Reached skill level 5 in Armour
  1174 | D        | Noticed a boggart
  1175 | D        | Noticed a slime creature
  1180 | D        | Killed a cyan ugly thing
  1186 | D        | Killed a slime creature
  1189 | D        | Killed a boggart
  1207 | D        | Noticed Rupert
  1213 | D        | Killed Rupert
  1213 | D        | Reached skill level 19 in Unarmed Combat
  1291 | D        | Noticed a merfolk aquamancer
  1291 | D        | Noticed a merfolk
  1291 | D        | Noticed a snapping turtle
  1291 | D        | Noticed a sea snake
  1291 | D        | Noticed a water elemental
  1291 | D        | Noticed a manticore
  1295 | D        | Killed a merfolk aquamancer
  1296 | D        | Noticed a water nymph
  1299 | D        | Killed a merfolk
  1300 | D        | Noticed a manticore
  1303 | D        | Killed a snapping turtle
  1304 | D        | Noticed a merfolk
  1307 | D        | Killed a sea snake
  1311 | D        | Killed a water elemental
  1317 | D        | Killed a manticore
  1318 | D        | Killed a water nymph
  1325 | D        | Killed a manticore
  1330 | D        | Killed a merfolk
  1340 | D        | Noticed a naga mage
  1340 | D        | Noticed a naga ritualist
  1340 | D        | Noticed a naga
  1340 | D        | Noticed a naga
  1340 | D        | Noticed a shock serpent
  1340 | D        | Noticed a naga sharpshooter
  1341 | D        | Noticed a naga mage
  1342 | D        | Noticed a naga warrior
  1348 | D        | Killed a naga ritualist
  1362 | D        | Killed a naga mage
  1363 | D        | Noticed a guardian serpent
  1364 | D        | Killed a naga
  1369 | D        | Killed a naga
  1372 | D        | Killed a shock serpent
  1376 | D        | Killed a naga warrior
  1382 | D        | Killed a naga sharpshooter
  1382 | D        | Reached XP level 13. HP: 26/141 MP: 12/12
  1384 | D        | Killed a naga mage
  1385 | D        | Killed a guardian serpent
  1385 | D        | Reached skill level 20 in Unarmed Combat
  1588 | D        | Noticed a spider
  1588 | D        | Noticed a redback
  1588 | D        | Noticed a wolf spider
  1588 | D        | Noticed a wolf spider
  1588 | D        | Noticed a moth of wrath
  1588 | D        | Noticed a trapdoor spider
  1590 | D        | Killed a spider
  1591 | D        | Killed a redback
  1592 | D        | Noticed a tarantella
  1593 | D        | Killed a wolf spider
  1594 | D        | Noticed a tarantella
  1595 | D        | Noticed a tarantella
  1597 | D        | Killed a wolf spider
  1599 | D        | Killed a moth of wrath
  1601 | D        | Killed a tarantella
  1604 | D        | Killed a tarantella
  1605 | D        | Killed a tarantella
  1612 | D        | Killed a trapdoor spider
  1639 | D        | Noticed a slime creature
  1639 | D        | Noticed a swamp drake
  1639 | D        | Noticed a hornet
  1639 | D        | Noticed a spiny frog
  1639 | D        | Noticed a swamp drake
  1639 | D        | Noticed a ghost crab
  1641 | D        | Killed a slime creature
  1645 | D        | Killed a swamp drake
  1646 | D        | Noticed a giant leech
  1646 | D        | Killed a spiny frog
  1646 | D        | Killed a swamp drake
  1646 | D        | Paralysed by a hornet for 3 turns
  1647 | D        | Noticed a four-headed hydra
  1648 | D        | Killed a hornet
  1649 | D        | Noticed a spiny frog
  1650 | D        | Killed a ghost crab
  1656 | D        | Killed a giant leech
  1656 | D        | Killed a four-headed hydra
  1656 | D        | Killed a spiny frog
  1705 | D        | Noticed Agnes
  1714 | D        | Killed Agnes
  1773 | D        | Noticed a wizard
  1773 | D        | Noticed a lich
  1773 | D        | Noticed a yaktaur
  1773 | D        | Noticed an ogre mage
  1773 | D        | Noticed a frost giant
  1773 | D        | Noticed a deep troll shaman
  1778 | D        | Killed a lich
  1778 | D        | Reached skill level 5 in Staves
  1779 | D        | Noticed a spriggan berserker
  1780 | D        | Noticed a vampire knight
  1780 | D        | Killed a wizard
  1781 | D        | Noticed a fire dragon
  1786 | D        | Killed a frost giant
  1787 | D        | Noticed a fire giant
  1788 | D        | Killed a yaktaur
  1790 | D        | Killed an ogre mage
  1791 | D        | Noticed a deep troll shaman
  1792 | D        | Noticed a spriggan air mage
  1793 | D        | Killed a deep troll shaman
  1794 | D        | Noticed a rakshasa
  1801 | D        | Killed a spriggan berserker
  1802 | D        | Noticed a stone giant
  1812 | D        | Killed a vampire knight
  1817 | D        | Killed a fire dragon
  1817 | D        | Reached skill level 10 in Staves
  1823 | D        | Noticed an entropy weaver
  1828 | D        | Killed a fire giant
  1829 | D        | Noticed a vampire mage
  1832 | D        | HP: 5/144 [fire giant/fireball (9)]
  1837 | D        | Killed from afar by a fire giant

Vault maps used:
D:        linesprint

Action                   |  1- 3 |  4- 6 |  7- 9 | 10-12 | 13-15 || total
-------------------------+-------+-------+-------+-------+-------++-------
Melee: Unarmed           |    18 |    18 |    67 |   259 |    79 ||   441
Evoke: Wand              |       |       |       |       |     5 ||     5
  Use: Potion            |     1 |       |     1 |     2 |     6 ||    10
       Scroll            |       |       |       |       |     2 ||     2
 Stab: Sleeping          |       |       |       |     1 |       ||     1
  Eat: Chunk             |       |       |       |    10 |       ||    10
